 Dungeon Crawl Stone Soup version 0.30-a0-297-g0ec75d9ef4 (webtiles) character file.

Game seed: 8232943705458740213

11042 sleeves the Earth Mage (level 12, -7/83 HPs)
             Began as a Meteoran Earth Elementalist on Oct 19, 2022.
             Was a Believer of Sif Muna.
             Mangled by a freezing wraith (20 damage)
             ... on level 11 of the Dungeon.
             The game lasted 00:34:32 (5013 turns).

sleeves the Earth Mage (MeEE)                       Turns: 5013, Time: 00:34:33

Health: -7/83      AC: 10    Str: 10    XL:     12   Next: 28%
Magic:  3/27       EV: 12    Int: 20    God:    Sif Muna [**....]
Gold:   428        SH:  8    Dex: 17    Spells: 23/31 levels left

rFire   . . .      SeeInvis +    J - staff of earth
rCold   . . .      Faith    .    o - +2 buckler {rN+}
rNeg    + . .      Spirit   .    y - +3 leather armour
rPois   .          Reflect  .    (no helmet)
rElec   .          Harm     .    (no cloak)
rCorr   .          Rampage  .    w - +2 pair of gloves
Will    +....                    K - +0 pair of boots
Stlth   +.........               (no amulet)
HPRegen 0.33/turn                v - ring of see invisible
MPRegen 0.20/turn                (no ring)

@: about to teleport, glowing
A: sense surroundings 2, otherworldly, glowing, explore regen
a: Renounce Religion, Channel Magic


You were on level 11 of the Dungeon.
You worshipped Sif Muna.
Sif Muna was pleased with you.
You visited 2 branches of the dungeon, and saw 12 of its levels.
You also visited: Sewer and Bailey.

You collected 573 gold pieces.
You spent 145 gold pieces at shops.

Inventory:

Hand Weapons
 F - a +5 short sword of freezing
   (You took it off a wight on level 9 of the Dungeon)
 H - a +2 broad axe of flaming
   (You took it off Maggie on level 9 of the Dungeon)
Armour
 o - a +2 buckler of positive energy (worn)
   (You found it on level 2 of the Dungeon)
 w - a +2 pair of gloves (worn)
   (You found it on level 4 of the Dungeon)
 y - a +3 leather armour (worn)
   (You took it off a hobgoblin in a bailey)
 K - a +0 pair of boots (worn)
   (You found it on level 10 of the Dungeon)
Magical Staves
 l - a staff of cold
   (You found it on level 2 of the Dungeon)
 B - a staff of air
   (You found it on level 8 of the Dungeon)
 J - a staff of earth (weapon)
   (You found it on level 10 of the Dungeon)
Jewellery
 v - a ring of see invisible (left hand)
   (You found it on level 6 of the Dungeon)
Wands
 j - a wand of paralysis (3)
   (You found it on level 9 of the Dungeon)
 r - a wand of flame (31)
   (You took it off Terence on level 3 of the Dungeon)
 C - a wand of mindburst (19)
   (You found it on level 8 of the Dungeon)
Scrolls
 a - a scroll of blinking
 c - 10 scrolls of identify {unknown}
 d - 5 scrolls of enchant weapon {unknown}
 f - 3 scrolls of poison {unknown}
 h - 3 scrolls of brand weapon {unknown}
 i - a scroll of torment {unknown}
 k - 3 scrolls of immolation {unknown}
 n - 7 scrolls of teleportation
 q - a scroll of fear {unknown}
 t - a scroll of vulnerability {unknown}
 x - a scroll of noise {unknown}
 z - a scroll of magic mapping {unknown}
Potions
 b - 4 potions of magic
 e - 9 potions of curing
 g - a potion of resistance {unknown}
 m - 4 potions of lignification
 p - a potion of experience {unknown}
 s - a potion of brilliance {unknown}
 u - 4 potions of heal wounds {unknown}
 A - a potion of haste
 D - 2 potions of might {unknown}
 E - a potion of cancellation {unknown}
 G - a potion of flight {unknown}
Miscellaneous
 I - a condenser vane (inert)
   (You found it on level 9 of the Dungeon)


   Skills:
 + Level 1.1 Fighting
 - Level 2.4 Dodging
 - Level 1.4 Stealth
 - Level 7.4 Shields
 + Level 10.1 Spellcasting
 + Level 10.1 Conjurations
 - Level 1.2 Transmutations
 - Level 15.0 Earth Magic
 + Level 1.4 Invocations


You had 23 spell levels left.
You knew the following spells:

 Your Spells              Type           Power      Damage    Failure   Level
a - Sandblast             Erth           100%       2d20      1%          1
b - Stone Arrow           Conj/Erth      100%       3d13      1%          3
c - Petrify               Tmut/Erth      59%        N/A       4%          4

Your spell library contained the following spells:

 Spells                   Type           Power      Damage    Failure   Level
 Passwall                 Tmut/Erth      49%        N/A       1%          2
 Momentum Strike          Conj/Tloc      60%        3d9       2%          2
 Leda's Liquefaction      Hex/Erth       28%        N/A       5%          4
 Mephitic Cloud           Conj/Pois/Air  23%        N/A       9%          3
 Blink                    Tloc           20%        N/A       19%         2
 Poisonous Vapours        Pois/Air       20%        N/A       19%         2
 Call Canine Familiar     Summ           10%        N/A       34%         3
 Lesser Beckoning         Tloc           20%        N/A       34%         3
 Portal Projectile        Hex/Tloc       20%        N/A       34%         3
 Summon Ice Beast         Ice/Summ       10%        N/A       75%         4
 Summon Hydra             Summ           5%         N/A       100%        7


Dungeon Overview and Level Annotations

Branches:
Dungeon (11/15) Zot: 2066  Temple (1/1) D:6 Zot: 556    Lair (0/5) D:11
    Orc (0/2) D:11          Sewer (visited)          Bailey (visited)

Altars:
Ashenzari
Cheibriados
Dithmenos
Elyvilon
Fedhas
Gozag
Kikubaaqudgha
Makhleb
Nemelex Xobeh
Okawaru
Qazlal
Ru
Sif Muna
Trog
Uskayaw
Vehumet
Wu Jian
Xom
Yredelemnul
Zin

Shops:
D:1 =   D:3 (**?!   D:4 :   D:10 *


Innate Abilities, Weirdness & Mutations

You passively map the area around you.
You are easily found by Zot.
You glow in the dark.
You regain HP and MP as you explore.


Message History

The stone arrow hits the two-headed ogre!!
The two-headed ogre is almost dead.
Casting: Stone Arrow (safe; 1% risk of failure)
Confirm with . or Enter, or press ? or * to list all spells.
Aiming: Stone Arrow (safe; 1% risk of failure)
Press: ? - help, Shift-Dir - straight line, f/p - two-headed ogre
Aim: a two-headed ogre, wielding a +0 giant spiked club and a +0 giant club (severely wounded, 89% to hit)
The stone arrow hits the two-headed ogre!!
You kill the two-headed ogre!
Sif Muna accepts your kill.
Your Spellcasting skill increases to level 9!
A kobold brigand comes into view.
It is wielding a +0 club and quivering poisoned darts.
A kobold brigand is nearby!
A kobold comes into view.
It is wielding a +0 short sword of protection.
The kobold brigand shouts!
The kobold brigand throws a poisoned dart.
The poisoned dart closely misses you.
Things that are here:
a +0 giant spiked club; a +0 giant club; a two-headed ogre corpse
Casting: Stone Arrow (safe; 1% risk of failure)
Confirm with . or Enter, or press ? or * to list all spells.
Aiming: Stone Arrow (safe; 1% risk of failure)
Press: ? - help, Shift-Dir - straight line, f - kobold
Aim: a kobold, wielding a +0 short sword of protection (72% to hit)
The stone arrow hits the kobold!
You kill the kobold!
Sif Muna accepts your kill.
The howler monkey howls!
Casting: Stone Arrow (safe; 1% risk of failure)
Confirm with . or Enter, or press ? or * to list all spells.
Aiming: Stone Arrow (safe; 1% risk of failure)
Press: ? - help, Shift-Dir - straight line, f - kobold brigand
Aim: a kobold brigand, wielding a +0 club and quivering poisoned darts (72% to hit)
The stone arrow hits the kobold brigand!!
The kobold brigand is almost dead.
Casting: Stone Arrow (safe; 1% risk of failure)
Confirm with . or Enter, or press ? or * to list all spells.
Aiming: Stone Arrow (safe; 1% risk of failure)
Press: ? - help, Shift-Dir - straight line, f/p - kobold brigand
Aim: a kobold brigand, wielding a +0 club and quivering poisoned darts (almost dead, 72% to hit)
The stone arrow hits the kobold brigand!
You kill the kobold brigand!
Sif Muna accepts your kill.
The howler monkey hoots and howls with incredible vigour!
A kobold comes into view. It is wielding a +0 dagger.
The blast of sand hits the kobold!
You kill the kobold!
Sif Muna accepts your kill.
The blast of sand hits the howler monkey!!
You kill the howler monkey!
Sif Muna accepts your kill.
You see here a howler monkey corpse.
Magic restored.
Found a fizzy red potion.
G - a fizzy red potion
Found 14 gold pieces.
You now have 362 gold pieces (gained 14).
Found 10 gold pieces.
You now have 372 gold pieces (gained 10).
Maggie the Vainglorious comes into view.
She is wielding a +2 broad axe of flaming.
Maggie shouts!
Maggie mumbles some strange words.
Maggie attempts to bespell you! You resist with some effort.
Casting: Sandblast (safe; 1% risk of failure)
Confirm with . or Enter, or press ? or * to list all spells.
Aiming: Stone Arrow (safe; 1% risk of failure)
Press: ? - help, Shift-Dir - straight line, f - Maggie
Aim: Maggie, wielding a +2 broad axe of flaming and wearing +0 steam dragon scales (78% to hit)
The stone arrow hits Maggie.
Maggie is lightly wounded.
Maggie casts a spell at you. The bolt of fire hits you!!
Casting: Stone Arrow (safe; 1% risk of failure)
Confirm with . or Enter, or press ? or * to list all spells.
Aiming: Stone Arrow (safe; 1% risk of failure)
Press: ? - help, Shift-Dir - straight line, f/p - Maggie
Aim: Maggie, wielding a +2 broad axe of flaming and wearing +0 steam dragon scales (lightly wounded, 78% to hit)
The stone arrow hits Maggie!!
Maggie is heavily wounded.
Casting: Stone Arrow (safe; 1% risk of failure)
Confirm with . or Enter, or press ? or * to list all spells.
Aiming: Stone Arrow (safe; 1% risk of failure)
Press: ? - help, Shift-Dir - straight line, f/p - Maggie
Aim: Maggie, wielding a +2 broad axe of flaming and wearing +0 steam dragon scales (heavily wounded, 78% to hit)
The stone arrow hits Maggie!!
Maggie is almost dead.
Maggie gestures at you while chanting. The bolt of fire hits you!
Casting: Stone Arrow (safe; 1% risk of failure)
Confirm with . or Enter, or press ? or * to list all spells.
Aiming: Stone Arrow (safe; 1% risk of failure)
Press: ? - help, Shift-Dir - straight line, f/p - Maggie
Aim: Maggie, wielding a +2 broad axe of flaming and wearing +0 steam dragon scales (almost dead, 78% to hit)
The stone arrow misses Maggie.
Maggie says, "Have you seen any dragons?"
Maggie gestures at you while chanting. The bolt of fire hits you!!
* * * LOW HITPOINT WARNING * * *
You are too injured to fight recklessly!
Casting: Stone Arrow (safe; 1% risk of failure)
Confirm with . or Enter, or press ? or * to list all spells.
Aiming: Sandblast (safe; 1% risk of failure)
Press: ? - help, Shift-Dir - straight line, f/p - Maggie
Aim: Maggie, wielding a +2 broad axe of flaming and wearing +0 steam dragon scales (almost dead, 85% to hit)
The blast of sand hits Maggie.
Maggie is almost dead.
You block Maggie's attack.
You are too injured to fight recklessly!
Unknown command.
Casting: Sandblast (safe; 1% risk of failure)
Confirm with . or Enter, or press ? or * to list all spells.
Aiming: Stone Arrow (safe; 1% risk of failure)
Press: ? - help, Shift-Dir - straight line, f/p - Maggie
Aim: Maggie, wielding a +2 broad axe of flaming and wearing +0 steam dragon scales (almost dead, 78% to hit)
The stone arrow hits Maggie!
You kill Maggie!
Sif Muna accepts your kill.
u - 4 blue potions (gained 1)
Things that are here:
a +2 broad axe of flaming; +0 steam dragon scales
H - a +2 broad axe of flaming
Press: ? - help, v - describe, . - travel, g - get item Item here: +0 steam dragon scales.
The floor.
Unknown command.
Unknown command.
Unknown command.
Found a condenser vane.
You see here a condenser vane.
I - a condenser vane An orc wizard comes into view.
It is wielding a +0 dagger.
The orc wizard points at you and mumbles some strange words.
The magic dart hits you but does no damage.
An orc priest and an orc come into view.
The orc priest shouts!
The orc shouts!
The orc priest moves out of view.
An orc warrior comes into view. It is wielding a +0 mace.
A wyvern comes into view.
The orc warrior shouts!
You hear a shout!
An orc priest comes into view. It is wielding a +0 flail.
An orc priest comes into view. It is wielding a +0 club.
The blast of sand hits the orc wizard.
The orc wizard is lightly wounded.
The orc priest shouts!
The orc priest looks satisfied for a moment.
You hear a shout!
Casting: Sandblast (safe; 1% risk of failure)
Confirm with . or Enter, or press ? or * to list all spells.
Aiming: Stone Arrow (safe; 1% risk of failure)
Press: ? - help, Shift-Dir - straight line, f/p - orc wizard
Aim: an orc wizard, wielding a +0 dagger and wearing a +0 robe (lightly wounded, 72% to hit)
The stone arrow hits the wyvern!!
The wyvern is almost dead.
The orc priest looks satisfied for a moment.
You block the wyvern's attack.
The blast of sand misses the wyvern.
The blast of sand hits the orc!!
You kill the orc!
Sif Muna accepts your kill. You block the wyvern's attack.
The orc priest calls upon Beogh to heal the orc wizard.
The orc wizard's wounds heal themselves!
The wyvern barely misses you.
The blast of sand misses the wyvern.
The blast of sand hits the orc warrior.
The orc warrior is moderately wounded.
The wyvern bites you. x2
The orc priest looks braver for a moment.
An orc wizard comes into view. It is wielding a +0 dagger.
An orc priest comes into view. It is wielding a +0 hand axe.
The wyvern barely misses you.
The blast of sand hits the wyvern but does no damage.
The wyvern is almost dead.
The orc wizard shouts!
You block the wyvern's attack.
The orc priest calls down the wrath of Beogh upon you.
Beogh smites you! The wyvern misses you.
You are too injured to fight recklessly!
Casting: Sandblast (safe; 1% risk of failure)
Confirm with . or Enter, or press ? or * to list all spells.
Aiming: Stone Arrow (safe; 1% risk of failure)
Press: ? - help, Shift-Dir - straight line, f/p - wyvern
Aim: a wyvern (almost dead, 78% to hit)
The stone arrow hits the wyvern!
You kill the wyvern!
Sif Muna accepts your kill.
An orc comes into view.
It is wielding a +0 falchion of draining.
Casting: Stone Arrow (safe; 1% risk of failure)
Confirm with . or Enter, or press ? or * to list all spells.
Aiming: Stone Arrow (safe; 1% risk of failure)
Press: ? - help, Shift-Dir - straight line, f - orc warrior
Aim: an orc warrior, wielding a +0 mace and wearing a +0 chain mail (moderately wounded, 75% to hit)
The stone arrow hits the orc warrior!
The orc warrior is severely wounded.
The orc warrior barely misses you.
The orc priest calls down the wrath of Beogh upon you.
Beogh smites you!
* * * LOW HITPOINT WARNING * * *
The orc priest miscasts a cantrip.
You hear a shout!
Casting: Stone Arrow (safe; 1% risk of failure)
Confirm with . or Enter, or press ? or * to list all spells.
Aiming: Stone Arrow (safe; 1% risk of failure)
Press: ? - help, Shift-Dir - straight line, f/p - orc warrior
Aim: an orc warrior, wielding a +0 mace and wearing a +0 chain mail (severely wounded, 75% to hit)
The stone arrow hits the orc warrior!
The orc warrior is almost dead.
The orc priest invokes the aid of Beogh against you.
Beogh smites you!
* * * LOW HITPOINT WARNING * * *
The orc warrior hits you with a +0 mace.
* * * LOW HITPOINT WARNING * * *
The orc wizard mumbles some strange words.
The orc wizard flickers and vanishes for a moment.
The orc warrior attacks as you move away!
You block the orc warrior's attack.
Casting: Stone Arrow (safe; 1% risk of failure)
Confirm with . or Enter, or press ? or * to list all spells.
Aiming: Stone Arrow (safe; 1% risk of failure)
Press: ? - help, Shift-Dir - straight line, f/p - orc warrior
Aim: an orc warrior, wielding a +0 mace and wearing a +0 chain mail (almost dead, 75% to hit)
The stone arrow misses the orc warrior.
The orc warrior closely misses you.
Casting: Stone Arrow (safe; 1% risk of failure)
Confirm with . or Enter, or press ? or * to list all spells.
Aiming: Stone Arrow (safe; 1% risk of failure)
Press: ? - help, Shift-Dir - straight line, f/p - orc warrior
Aim: an orc warrior, wielding a +0 mace and wearing a +0 chain mail (almost dead, 75% to hit)
The stone arrow hits the orc warrior!!
You kill the orc warrior!
Sif Muna accepts your kill.
* * * LOW MAGIC WARNING * * *
Clouds of thunder condense around you!
The condenser dries out!
The orc wizard is struck by lightning.
You kill the orc wizard!
Sif Muna accepts your kill.
Casting: Stone Arrow (safe; 1% risk of failure)
Confirm with . or Enter, or press ? or * to list all spells.
Aiming: Sandblast (safe; 1% risk of failure)
Press: ? - help, Shift-Dir - straight line, f - orc priest
Aim: an orc priest, wielding a +0 falchion (thunder, 85% to hit)
The blast of sand hits the orc priest!
You kill the orc priest!
Sif Muna accepts your kill.
* * * LOW MAGIC WARNING * * *
You start waiting.
An orc priest is nearby!
Casting: Sandblast (safe; 1% risk of failure)
Confirm with . or Enter, or press ? or * to list all spells.
Aiming: Sandblast (safe; 1% risk of failure)
Press: ? - help, Shift-Dir - straight line, f - orc priest
Aim: an orc priest, wielding a +0 club (85% to hit)
The blast of sand hits the orc priest!!
You kill the orc priest!
Sif Muna accepts your kill.
* * * LOW MAGIC WARNING * * *
An orc comes into view. It is wielding a +0 trident.
The orc shouts!
You block the orc's attack. The orc hits you but does no damage.
Casting: Sandblast (safe; 1% risk of failure)
Confirm with . or Enter, or press ? or * to list all spells.
Aiming: Sandblast (safe; 1% risk of failure)
Press: ? - help, Shift-Dir - straight line, f - orc
Aim: an orc, wielding a +0 trident (85% to hit)
The blast of sand hits the orc!!
You kill the orc!
Sif Muna accepts your kill.
* * * LOW MAGIC WARNING * * *
Casting: Sandblast (safe; 1% risk of failure)
Confirm with . or Enter, or press ? or * to list all spells.
Aiming: Sandblast (safe; 1% risk of failure)
Press: ? - help, Shift-Dir - straight line, f - orc
Aim: an orc, wielding a +0 falchion of draining and quivering boomerangs (85% to hit)
The blast of sand hits the orc!
You kill the orc!
Sif Muna accepts your kill.
* * * LOW MAGIC WARNING * * *
Casting: Sandblast (safe; 1% risk of failure)
Confirm with . or Enter, or press ? or * to list all spells.
Aiming: Sandblast (safe; 1% risk of failure)
Press: ? - help, Shift-Dir - straight line, f - orc priest
Aim: an orc priest, wielding a +0 flail (85% to hit)
The blast of sand hits the orc priest!!
You kill the orc priest!
Sif Muna accepts your kill.
* * * LOW MAGIC WARNING * * *
Found a book of the Hunter.
Found a stone staircase leading down.
You see here a book of the Hunter.
You pick up a book of the Hunter and begin reading...
You add the spells Call Canine Familiar, Portal Projectile and Leda's Liquefaction to your library.
The orc priest looks braver for a moment.
Casting: Sandblast (safe; 1% risk of failure)
Confirm with . or Enter, or press ? or * to list all spells.
Aiming: Stone Arrow (safe; 1% risk of failure)
Press: ? - help, Shift-Dir - straight line, f - orc priest
Aim: an orc priest, wielding a +0 hand axe (78% to hit)
The stone arrow hits the orc priest!
The orc priest is severely wounded.
The orc priest calls down the wrath of Beogh upon you.
Beogh smites you!
* * * LOW HITPOINT WARNING * * *
Casting: Stone Arrow (safe; 1% risk of failure)
Confirm with . or Enter, or press ? or * to list all spells.
Aiming: Stone Arrow (safe; 1% risk of failure)
Press: ? - help, Shift-Dir - straight line, f/p - orc priest
Aim: an orc priest, wielding a +0 hand axe (severely wounded, 78% to hit)
The stone arrow hits the orc priest!!
You kill the orc priest!
Sif Muna accepts your kill.
Casting: Stone Arrow (safe; 1% risk of failure)
Confirm with . or Enter, or press ? or * to list all spells.
Aiming: Stone Arrow (safe; 1% risk of failure)
Press: ? - help, Shift-Dir - straight line, f - orc wizard
Aim: an orc wizard, wielding a +0 dagger and wearing a +0 robe (72% to hit)
The stone arrow misses the orc wizard.
Casting: Stone Arrow (safe; 1% risk of failure)
Confirm with . or Enter, or press ? or * to list all spells.
Aiming: Stone Arrow (safe; 1% risk of failure)
Press: ? - help, Shift-Dir - straight line, f/p - orc wizard
Aim: an orc wizard, wielding a +0 dagger and wearing a +0 robe (72% to hit)
The stone arrow hits the orc wizard!
The orc wizard is severely wounded.
* * * LOW MAGIC WARNING * * *
You block the orc wizard's attack.
Casting: Stone Arrow (safe; 1% risk of failure)
Confirm with . or Enter, or press ? or * to list all spells.
Aiming: Sandblast (safe; 1% risk of failure)
Press: ? - help, Shift-Dir - straight line, f/p - orc wizard
Aim: an orc wizard, wielding a +0 dagger and wearing a +0 robe (severely wounded, 82% to hit)
The blast of sand hits the orc wizard!
You kill the orc wizard!
Sif Muna accepts your kill.
* * * LOW MAGIC WARNING * * *
There is a stone staircase leading down here.
You climb downwards.
Found an escape hatch in the floor.
Found a stone staircase leading down.
There is a stone staircase leading up here.
Found 3 gold pieces.
There is a stone staircase leading down here.
You climb downwards.
There is a stone staircase leading up here.
You climb upwards.
There is a stone staircase leading down here.
A troll comes into view.
Found a potion of curing.
The troll shouts!
The troll moves out of view.
You see here 3 gold pieces.
Casting: Sandblast (safe; 1% risk of failure)
Confirm with . or Enter, or press ? or * to list all spells.
You can't see any susceptible monsters within range! (Use Z to cast anyway.) Unknown command.
Casting: Sandblast (safe; 1% risk of failure)
Confirm with . or Enter, or press ? or * to list all spells.
You don't know that spell.
Casting: Sandblast (safe; 1% risk of failure)
Confirm with . or Enter, or press ? or * to list all spells.
Aiming: Stone Arrow (safe; 1% risk of failure)
Press: ? - help, Shift-Dir - straight line, f - troll
Aim: a troll (78% to hit)
The stone arrow hits the troll!!
The troll is heavily wounded.
Casting: Stone Arrow (safe; 1% risk of failure)
Confirm with . or Enter, or press ? or * to list all spells.
Aiming: Stone Arrow (safe; 1% risk of failure)
Press: ? - help, Shift-Dir - straight line, f/p - troll
Aim: a troll (heavily wounded, 78% to hit)
The stone arrow hits the troll!
The troll is almost dead.
Casting: Stone Arrow (safe; 1% risk of failure)
Confirm with . or Enter, or press ? or * to list all spells.
Aiming: Stone Arrow (safe; 1% risk of failure)
Press: ? - help, Shift-Dir - straight line, f/p - troll
Aim: a troll (severely wounded, 78% to hit)
The stone arrow hits the troll!!
You kill the troll!
Sif Muna accepts your kill.
You now have 375 gold pieces (gained 3).
A yak comes into view.
Found a gnarled runed staff.
The yak bellows!
You hear a bellow! x2
Found a fading buckler.
A yak comes into view.
Casting: Stone Arrow (safe; 1% risk of failure)
Confirm with . or Enter, or press ? or * to list all spells.
Aiming: Sandblast (safe; 1% risk of failure)
Press: ? - help, Shift-Dir - straight line, f - yak
Aim: a yak (91% to hit)
The blast of sand hits the yak.
The yak is lightly wounded.
Casting: Sandblast (safe; 1% risk of failure)
Confirm with . or Enter, or press ? or * to list all spells.
Aiming: Sandblast (safe; 1% risk of failure)
Press: ? - help, Shift-Dir - straight line, f/p - yak
Aim: a yak (lightly wounded, 91% to hit)
The blast of sand hits the yak.
The yak is moderately wounded.
The yak gores you.
Casting: Sandblast (safe; 1% risk of failure)
Confirm with . or Enter, or press ? or * to list all spells.
Aiming: Stone Arrow (safe; 1% risk of failure)
Press: ? - help, Shift-Dir - straight line, f/p - yak
Aim: a yak (moderately wounded, 87% to hit)
The stone arrow hits the yak!!
You kill the yak!
Sif Muna accepts your kill.
Casting: Stone Arrow (safe; 1% risk of failure)
Confirm with . or Enter, or press ? or * to list all spells.
You can't see any susceptible monsters within range! (Use Z to cast anyway.) Unknown command.
You see here a yak corpse.
An acid dragon comes into view.
Found 13 gold pieces.
The acid dragon roars!
Casting: Stone Arrow (safe; 1% risk of failure)
Confirm with . or Enter, or press ? or * to list all spells.
You can't see any susceptible monsters within range! (Use Z to cast anyway.) Unknown command.
Casting: Stone Arrow (safe; 1% risk of failure)
Confirm with . or Enter, or press ? or * to list all spells.
You don't know that spell.
Casting: Stone Arrow (safe; 1% risk of failure)
Confirm with . or Enter, or press ? or * to list all spells.
You can't see any susceptible monsters within range! (Use Z to cast anyway.)
Casting: Stone Arrow (safe; 1% risk of failure)
Confirm with . or Enter, or press ? or * to list all spells.
Aiming: Stone Arrow (safe; 1% risk of failure)
Press: ? - help, Shift-Dir - straight line, f - acid dragon
Aim: an acid dragon (78% to hit)
The stone arrow hits the acid dragon!
The acid dragon is heavily wounded.
Casting: Stone Arrow (safe; 1% risk of failure)
Confirm with . or Enter, or press ? or * to list all spells.
Aiming: Stone Arrow (safe; 1% risk of failure)
Press: ? - help, Shift-Dir - straight line, f/p - acid dragon
Aim: an acid dragon (heavily wounded, 78% to hit)
The stone arrow hits the acid dragon!!
You kill the acid dragon!
Sif Muna accepts your kill.
Training target 10.0 for Spellcasting reached!
Your Spellcasting skill increases to level 10!
Found 8 gold pieces.
A yak comes into view.
The yak moves out of view. 3 yaks come into view.
The yak bellows! x4
Casting: Stone Arrow (safe; 1% risk of failure)
Confirm with . or Enter, or press ? or * to list all spells.
Aiming: Stone Arrow (safe; 1% risk of failure)
Press: ? - help, Shift-Dir - straight line, f - yak
Aim: a yak (87% to hit)
The stone arrow hits the yak!!
The yak is heavily wounded.
Casting: Stone Arrow (safe; 1% risk of failure)
Confirm with . or Enter, or press ? or * to list all spells.
Aiming: Stone Arrow (safe; 1% risk of failure)
Press: ? - help, Shift-Dir - straight line, f/p - yak
Aim: a yak (heavily wounded, 87% to hit)
The stone arrow hits the yak!
The yak is severely wounded.
Casting: Stone Arrow (safe; 1% risk of failure)
Confirm with . or Enter, or press ? or * to list all spells.
Aiming: Stone Arrow (safe; 1% risk of failure)
Press: ? - help, Shift-Dir - straight line, f/p - yak
Aim: a yak (severely wounded, 87% to hit)
The stone arrow misses the yak.
The stone arrow hits the yak!
The yak is moderately wounded.
Casting: Stone Arrow (safe; 1% risk of failure)
Confirm with . or Enter, or press ? or * to list all spells.
Aiming: Sandblast (safe; 1% risk of failure)
Press: ? - help, Shift-Dir - straight line, f/p - yak
Aim: a yak (severely wounded, 91% to hit)
The blast of sand hits the yak!
The yak is almost dead.
The yak barely misses you. You block the yak's attack.
Casting: Sandblast (safe; 1% risk of failure)
Confirm with . or Enter, or press ? or * to list all spells.
Aiming: Sandblast (safe; 1% risk of failure)
Press: ? - help, Shift-Dir - straight line, f/p - yak
Aim: a yak (almost dead, 91% to hit)
The blast of sand misses the yak.
The blast of sand hits the yak!
The yak is moderately wounded.
The yak gores you!
A yak comes into view.
Casting: Sandblast (safe; 1% risk of failure)
Confirm with . or Enter, or press ? or * to list all spells.
Aiming: Sandblast (safe; 1% risk of failure)
Press: ? - help, Shift-Dir - straight line, f/p - yak
Aim: a yak (almost dead, 91% to hit)
The blast of sand hits the yak!!
You kill the yak!
Sif Muna accepts your kill.
The yak bellows!
The yak barely misses you.
Casting: Sandblast (safe; 1% risk of failure)
Confirm with . or Enter, or press ? or * to list all spells.
Aiming: Sandblast (safe; 1% risk of failure)
Press: ? - help, Shift-Dir - straight line, f - yak
Aim: a yak (moderately wounded, 91% to hit)
The blast of sand hits the yak!
The yak is severely wounded.
The yak gores you but does no damage.
Casting: Sandblast (safe; 1% risk of failure)
Confirm with . or Enter, or press ? or * to list all spells.
Aiming: Sandblast (safe; 1% risk of failure)
Press: ? - help, Shift-Dir - straight line, f/p - yak
Aim: a yak (moderately wounded, 91% to hit)
The blast of sand hits the yak!
You kill the yak!
Sif Muna accepts your kill. The yak gores you!
Your Earth Magic skill increases to level 14!
Casting: Sandblast (safe; 1% risk of failure)
Confirm with . or Enter, or press ? or * to list all spells.
Aiming: Sandblast (safe; 1% risk of failure)
Press: ? - help, Shift-Dir - straight line, f/p - yak
Aim: a yak (moderately wounded, 91% to hit)
The blast of sand hits the yak!!
The yak is heavily wounded.
The yak gores you.
Casting: Sandblast (safe; 1% risk of failure)
Confirm with . or Enter, or press ? or * to list all spells.
Aiming: Sandblast (safe; 1% risk of failure)
Press: ? - help, Shift-Dir - straight line, f/p - yak
Aim: a yak (moderately wounded, 91% to hit)
The blast of sand hits the yak!!
You kill the yak!
Sif Muna accepts your kill.
Casting: Sandblast (safe; 1% risk of failure)
Confirm with . or Enter, or press ? or * to list all spells.
Aiming: Sandblast (safe; 1% risk of failure)
Press: ? - help, Shift-Dir - straight line, p - yak The blast of sand hits the yak!!
The yak is heavily wounded.
You block the yak's attack.
Casting: Sandblast (safe; 1% risk of failure)
Confirm with . or Enter, or press ? or * to list all spells.
Aiming: Sandblast (safe; 1% risk of failure)
Press: ? - help, Shift-Dir - straight line, f - yak
Aim: a yak (moderately wounded, 91% to hit)
The blast of sand hits the yak!
The yak is almost dead.
You block the yak's attack. The yak barely misses you.
Casting: Sandblast (safe; 1% risk of failure)
Confirm with . or Enter, or press ? or * to list all spells.
Aiming: Sandblast (safe; 1% risk of failure)
Press: ? - help, Shift-Dir - straight line, f/p - yak
Aim: a yak (moderately wounded, 91% to hit)
The blast of sand hits the yak!
You kill the yak!
Sif Muna accepts your kill.
You have reached level 12!
You feel agile.
Casting: Sandblast (safe; 1% risk of failure)
Confirm with . or Enter, or press ? or * to list all spells.
Aiming: Sandblast (safe; 1% risk of failure)
Press: ? - help, Shift-Dir - straight line, f - yak, p - yak
Aim: a yak (91% to hit)
The blast of sand hits the yak!
The yak is heavily wounded.
The yak completely misses you. The yak gores you but does no damage.
Casting: Sandblast (safe; 1% risk of failure)
Confirm with . or Enter, or press ? or * to list all spells.
Aiming: Sandblast (safe; 1% risk of failure)
Press: ? - help, Shift-Dir - straight line, f/p - yak
Aim: a yak (91% to hit)
The blast of sand misses the yak.
The blast of sand hits the yak.
The yak is lightly wounded.
The yak barely misses you.
Casting: Sandblast (safe; 1% risk of failure)
Confirm with . or Enter, or press ? or * to list all spells.
Aiming: Sandblast (safe; 1% risk of failure)
Press: ? - help, Shift-Dir - straight line, f/p - yak
Aim: a yak (lightly wounded, 91% to hit)
The blast of sand hits the yak!!
You kill the yak!
Sif Muna accepts your kill. The yak closely misses you.
Casting: Sandblast (safe; 1% risk of failure)
Confirm with . or Enter, or press ? or * to list all spells.
Aiming: Sandblast (safe; 1% risk of failure)
Press: ? - help, Shift-Dir - straight line, f/p - yak
Aim: a yak (lightly wounded, 91% to hit)
The blast of sand hits the yak!
The yak is moderately wounded.
* * * LOW MAGIC WARNING * * *
The yak gores you.
Casting: Sandblast (safe; 1% risk of failure)
Confirm with . or Enter, or press ? or * to list all spells.
Aiming: Sandblast (safe; 1% risk of failure)
Press: ? - help, Shift-Dir - straight line, f/p - yak
Aim: a yak (moderately wounded, 91% to hit)
The blast of sand hits the yak!!
The yak is almost dead.
* * * LOW MAGIC WARNING * * *
You block the yak's attack. The yak gores you.
Casting: Sandblast (safe; 1% risk of failure)
Confirm with . or Enter, or press ? or * to list all spells.
Aiming: Sandblast (safe; 1% risk of failure)
Press: ? - help, Shift-Dir - straight line, f/p - yak
Aim: a yak (almost dead, 91% to hit)
The blast of sand hits the yak!!
You kill the yak!
Sif Muna accepts your kill.
* * * LOW MAGIC WARNING * * *
Items here: ††††.
Found a scroll of teleportation.
You now have 388 gold pieces (gained 13).
You see here the +0 buckler of the Wild Haggis {Dex+8}.
Okay, then.
You see here a staff of earth.
J - a staff of earth Your +5 short sword of freezing stops glowing.
J - a staff of earth (weapon)
e - 9 potions of curing (gained 1)
n - 7 scrolls of teleportation (gained 1)
You now have 396 gold pieces (gained 8).
Found a robe.
Found a scroll labelled ZIBYHI MEUHEE.
Found a ring mail.
f - 3 scrolls labelled ZIBYHI MEUHEE (gained 1)
Found a broken altar of Ashenzari.
You see here a +0 ring mail.
Found a scroll of teleportation and a leather armour.
There is an escape hatch in the floor here.
Found a stone staircase leading down.
Found 2 potions of lignification.
n - 8 scrolls of teleportation (gained 1)
Found 13 gold pieces.
m - 4 potions of lignification (gained 2)
You now have 409 gold pieces (gained 13).
Found a pair of boots. 4 yaks come into view.
The yak bellows! x2; You hear two shouts!
A yak comes into view. x2
You hear a bellow! x2; The yak bellows!
A two-headed ogre comes into view.
It is wielding a +0 giant club and a +0 giant spiked club.
The two-headed ogre shouts in stereo!
An acid dragon comes into view.
The acid dragon spits acid at you. The splash of acid hits you!!
The acid dragon spits acid at you. The splash of acid hits you!!
* * * LOW HITPOINT WARNING * * *
There is an escape hatch in the ceiling here.
Casting: Sandblast (safe; 1% risk of failure)
Confirm with . or Enter, or press ? or * to list all spells.
Aiming: Stone Arrow (safe; 1% risk of failure)
Press: ? - help, Shift-Dir - straight line, f - two-headed ogre
Aim: a two-headed ogre, wielding a +0 giant club and a +0 giant spiked club (89% to hit)
You feel a surge of power!
The stone arrow hits the two-headed ogre!!
The two-headed ogre is moderately wounded.
The acid dragon spits acid at you. The splash of acid hits you!
* * * LOW HITPOINT WARNING * * *
The acid corrodes you! A mysterious force pulls you upwards.
The hatch slams shut behind you.
Magic restored.
You are no longer corroded.
You see here a staff of cold.
The orc warrior shouts!
There is an open door here.
(D) Dungeon (T) Temple
Where to? (Enter - D:9 @ (x,y), ? - help)
Things that are here:
a +0 robe; a +4 halberd of freezing
Things that are here:
a +0 robe; a +0 flail An orc warrior is nearby!
Casting: Stone Arrow (safe; 1% risk of failure)
Confirm with . or Enter, or press ? or * to list all spells.
You can't see any susceptible monsters within range! (Use Z to cast anyway.) Unknown command.
The orc warrior shoots a bolt.
The bolt hits you!
* * * LOW HITPOINT WARNING * * *
Things that are here:
a +0 robe; a +4 halberd of freezing
Casting: Stone Arrow (safe; 1% risk of failure)
Confirm with . or Enter, or press ? or * to list all spells.
Aiming: Stone Arrow (safe; 1% risk of failure)
Press: ? - help, Shift-Dir - straight line, f - orc warrior
Aim: an orc warrior, wielding a +0 arbalest and wearing a +0 chain mail (75% to hit)
You feel a surge of power!
The stone arrow misses the orc warrior.
The orc warrior shoots a bolt.
The bolt barely misses you.
Casting: Stone Arrow (safe; 1% risk of failure)
Confirm with . or Enter, or press ? or * to list all spells.
Aiming: Stone Arrow (safe; 1% risk of failure)
Press: ? - help, Shift-Dir - straight line, f/p - orc warrior
Aim: an orc warrior, wielding a +0 arbalest and wearing a +0 chain mail (75% to hit)
You feel a surge of power!
The stone arrow hits the orc warrior!!
You kill the orc warrior!
Sif Muna accepts your kill.
Things that are here:
a +0 robe; a +0 flail Magic restored.
There is a stone staircase leading down here.
You climb downwards.
There is a stone staircase leading up here.
Found 19 gold pieces.
Found a scroll labelled QELLEI ZUVEUTH.
c - 10 scrolls labelled QELLEI ZUVEUTH (gained 1)
You now have 428 gold pieces (gained 19).
K - a +0 pair of boots You start putting on your armour.
You continue putting on your +0 pair of boots. x4
You finish putting on your +0 pair of boots.
HP restored.
Found Nonudiupn's Assorted Antiques.
There is an entrance to Nonudiupn's Assorted Antiques here.
Okay, then.
There is a stone staircase leading down here.
You climb downwards.
There is a stone staircase leading up here.
You open the door. 2 death yaks come into view.
The death yak bellows! x2; You hear a bellow! x4
A yak comes into view.
Found a scroll of teleportation.
Found a staircase to the Lair.
An unseen horror comes into view.
A yak comes into view.
The unseen horror moves out of view.
There is a stone staircase leading up here.
Casting: Stone Arrow (safe; 1% risk of failure)
Confirm with . or Enter, or press ? or * to list all spells.
Aiming: Stone Arrow (safe; 1% risk of failure)
Press: ? - help, Shift-Dir - straight line, f - death yak
Aim: a death yak (92% to hit)
You feel a surge of power!
The stone arrow hits the death yak.
The death yak is lightly wounded.
Casting: Stone Arrow (safe; 1% risk of failure)
Confirm with . or Enter, or press ? or * to list all spells.
Aiming: Stone Arrow (safe; 1% risk of failure)
Press: ? - help, Shift-Dir - straight line, f/p - death yak
Aim: a death yak (lightly wounded, 92% to hit)
You feel a surge of power!
The stone arrow hits the death yak!!
The death yak is moderately wounded.
You block the death yak's attack.
You climb upwards.
There is a stone staircase leading down here.
Casting: Stone Arrow (safe; 1% risk of failure)
Confirm with . or Enter, or press ? or * to list all spells.
Aiming: Stone Arrow (safe; 1% risk of failure)
Press: ? - help, Shift-Dir - straight line, f - death yak
Aim: a death yak (moderately wounded, 92% to hit)
You feel a surge of power!
The stone arrow hits the death yak!!
The death yak is severely wounded.
The death yak gores you.
Casting: Stone Arrow (safe; 1% risk of failure)
Confirm with . or Enter, or press ? or * to list all spells.
Aiming: Stone Arrow (safe; 1% risk of failure)
Press: ? - help, Shift-Dir - straight line, f/p - death yak
Aim: a death yak (severely wounded, 92% to hit)
You feel a surge of power!
The stone arrow hits the death yak!
The death yak is almost dead.
You block the death yak's attack.
Casting: Stone Arrow (safe; 1% risk of failure)
Confirm with . or Enter, or press ? or * to list all spells.
Aiming: Stone Arrow (safe; 1% risk of failure)
Press: ? - help, Shift-Dir - straight line, f/p - death yak
Aim: a death yak (almost dead, 92% to hit)
You feel a surge of power!
The stone arrow hits the death yak!!
You kill the death yak!
Sif Muna accepts your kill.
HP restored.
The yak bellows!
You hear a bellow! x2; The yak bellows!
A yak is nearby!
A yak comes into view.
Casting: Stone Arrow (safe; 1% risk of failure)
Confirm with . or Enter, or press ? or * to list all spells.
Aiming: Stone Arrow (safe; 1% risk of failure)
Press: ? - help, Shift-Dir - straight line, f - yak
Aim: a yak (87% to hit)
You feel a surge of power!
The stone arrow misses the yak.
Casting: Stone Arrow (safe; 1% risk of failure)
Confirm with . or Enter, or press ? or * to list all spells.
Aiming: Stone Arrow (safe; 1% risk of failure)
Press: ? - help, Shift-Dir - straight line, f/p - yak
Aim: a yak (87% to hit)
You feel a surge of power!
The stone arrow hits the yak!
The yak is moderately wounded.
Casting: Stone Arrow (safe; 1% risk of failure)
Confirm with . or Enter, or press ? or * to list all spells.
Aiming: Sandblast (safe; 1% risk of failure)
Press: ? - help, Shift-Dir - straight line, f/p - yak
Aim: a yak (moderately wounded, 91% to hit)
You feel a surge of power!
The blast of sand hits the yak!
The yak is severely wounded.
The yak bellows!
The yak attacks as you move away! The yak gores you but does no damage.
Casting: Sandblast (safe; 1% risk of failure)
Confirm with . or Enter, or press ? or * to list all spells.
Aiming: Sandblast (safe; 1% risk of failure)
Press: ? - help, Shift-Dir - straight line, f/p - yak
Aim: a yak (severely wounded, 91% to hit)
You feel a surge of power!
The blast of sand hits the yak!!
You kill the yak!
Sif Muna accepts your kill.
A yak comes into view.
Casting: Sandblast (safe; 1% risk of failure)
Confirm with . or Enter, or press ? or * to list all spells.
Aiming: Sandblast (safe; 1% risk of failure)
Press: ? - help, Shift-Dir - straight line, f - yak
Aim: a yak (91% to hit)
You feel a surge of power!
The blast of sand hits the yak!
The yak is moderately wounded.
The yak bellows! x2; You hear a bellow! x2
Casting: Sandblast (safe; 1% risk of failure)
Confirm with . or Enter, or press ? or * to list all spells.
Aiming: Sandblast (safe; 1% risk of failure)
Press: ? - help, Shift-Dir - straight line, f/p - yak
Aim: a yak (moderately wounded, 91% to hit)
You feel a surge of power!
The blast of sand hits the yak!
The yak is heavily wounded.
The yak barely misses you. The yak gores you.
Casting: Sandblast (safe; 1% risk of failure)
Confirm with . or Enter, or press ? or * to list all spells.
Aiming: Sandblast (safe; 1% risk of failure)
Press: ? - help, Shift-Dir - straight line, f/p - yak
Aim: a yak (heavily wounded, 91% to hit)
You feel a surge of power!
The blast of sand hits the yak!
The yak is heavily wounded.
The yak gores you but does no damage. The yak attacks as you move away!
The yak gores you but does no damage. The yak attacks as you move away!
The yak gores you but does no damage. The yak attacks as you move away!
The yak gores you but does no damage. The yak attacks as you move away!
You block the yak's attack. The yak attacks as you move away!
The yak closely misses you. The yak attacks as you move away!
You block the yak's attack.
There is a stone staircase leading up here.
The yak barely misses you.
You climb upwards.
There is a stone staircase leading down here.
Casting: Sandblast (safe; 1% risk of failure)
Confirm with . or Enter, or press ? or * to list all spells.
Aiming: Sandblast (safe; 1% risk of failure)
Press: ? - help, Shift-Dir - straight line, f - yak
Aim: a yak (heavily wounded, 91% to hit)
You feel a surge of power!
The blast of sand hits the yak!!
You kill the yak!
Sif Muna accepts your kill.
Casting: Sandblast (safe; 1% risk of failure)
Confirm with . or Enter, or press ? or * to list all spells.
You don't know that spell.
You see here a yak corpse.
There is a stone staircase leading down here.
You climb downwards.
There is a stone staircase leading up here.
There is a stone staircase leading down here.
You climb downwards.
There is a stone staircase leading up here.
You open the door.
There is an open door here.
You open the door.
There is an open door here.
You open the door.
There is an open door here.
You open the door.
Found a staircase to the Orcish Mines.
There is an open door here.
A manticore and a vampire mosquito come into view.
The vampire mosquito buzzes angrily.
You hear a shout! x2
The manticore flicks its tail.
You block the volley of spikes.
Casting: Sandblast (safe; 1% risk of failure)
Confirm with . or Enter, or press ? or * to list all spells.
Aiming: Stone Arrow (safe; 1% risk of failure)
Press: ? - help, Shift-Dir - straight line, f - vampire mosquito
Aim: a vampire mosquito (63% to hit)
You feel a surge of power!
The stone arrow misses the vampire mosquito.
The vampire mosquito closely misses you.
The vampire mosquito barely misses you.
Casting: Stone Arrow (safe; 1% risk of failure)
Confirm with . or Enter, or press ? or * to list all spells.
Aiming: Sandblast (safe; 1% risk of failure)
Press: ? - help, Shift-Dir - straight line, f/p - vampire mosquito
Aim: a vampire mosquito (76% to hit)
You feel a surge of power!
The blast of sand hits the vampire mosquito!
The vampire mosquito is moderately damaged.
The vampire mosquito bites you!
The vampire mosquito draws strength from your injuries!
You block the vampire mosquito's attack.
The vampire mosquito bites you.
Casting: Sandblast (safe; 1% risk of failure)
Confirm with . or Enter, or press ? or * to list all spells.
Aiming: Sandblast (safe; 1% risk of failure)
Press: ? - help, Shift-Dir - straight line, f/p - vampire mosquito
Aim: a vampire mosquito (lightly damaged, 76% to hit)
You feel a surge of power!
The blast of sand hits the vampire mosquito!
The vampire mosquito is severely damaged.
The vampire mosquito bites you!
You block the vampire mosquito's attack.
Casting: Sandblast (safe; 1% risk of failure)
Confirm with . or Enter, or press ? or * to list all spells.
Aiming: Sandblast (safe; 1% risk of failure)
Press: ? - help, Shift-Dir - straight line, f/p - vampire mosquito
Aim: a vampire mosquito (severely damaged, 76% to hit)
You feel a surge of power!
The blast of sand hits the vampire mosquito!!
You destroy the vampire mosquito!
Sif Muna accepts your kill.
Training target 15.0 for Earth Magic reached!
Your Earth Magic skill increases to level 15!
You need to enable at least one skill for training.
Unknown command.
Casting: Sandblast (safe; 1% risk of failure)
Confirm with . or Enter, or press ? or * to list all spells.
Aiming: Stone Arrow (safe; 1% risk of failure)
Press: ? - help, Shift-Dir - straight line, f - manticore
Aim: a manticore (87% to hit)
You feel a surge of power!
The stone arrow hits the manticore!
The manticore is moderately wounded.
The manticore barely misses you. x2; You block the manticore's attack.
Casting: Stone Arrow (safe; 1% risk of failure)
Confirm with . or Enter, or press ? or * to list all spells.
Aiming: Stone Arrow (safe; 1% risk of failure)
Press: ? - help, Shift-Dir - straight line, f/p - manticore
Aim: a manticore (moderately wounded, 87% to hit)
You feel a surge of power!
The stone arrow hits the manticore.
The manticore is heavily wounded.
You block the manticore's attack.
The manticore claws you but does no damage. x2
Casting: Stone Arrow (safe; 1% risk of failure)
Confirm with . or Enter, or press ? or * to list all spells.
Aiming: Stone Arrow (safe; 1% risk of failure)
Press: ? - help, Shift-Dir - straight line, f/p - manticore
Aim: a manticore (heavily wounded, 87% to hit)
You feel a surge of power!
The stone arrow hits the manticore!
The manticore is severely wounded.
The manticore bites you! You block the manticore's attack.
The manticore barely misses you.
Casting: Stone Arrow (safe; 1% risk of failure)
Confirm with . or Enter, or press ? or * to list all spells.
Aiming: Stone Arrow (safe; 1% risk of failure)
Press: ? - help, Shift-Dir - straight line, f/p - manticore
Aim: a manticore (severely wounded, 87% to hit)
You feel a surge of power!
The stone arrow hits the manticore!!
You kill the manticore!
Sif Muna accepts your kill.
A troll comes into view.
Your Invocations skill increases to level 1!
Casting: Stone Arrow (safe; 1% risk of failure)
Confirm with . or Enter, or press ? or * to list all spells.
Aiming: Stone Arrow (safe; 1% risk of failure)
Press: ? - help, Shift-Dir - straight line, f - troll
Aim: a troll (78% to hit)
You feel a surge of power!
The stone arrow hits the troll!!
The troll is heavily wounded.
The troll bites you. The troll claws you. You block the troll's attack.
Casting: Stone Arrow (safe; 1% risk of failure)
Confirm with . or Enter, or press ? or * to list all spells.
Aiming: Stone Arrow (safe; 1% risk of failure)
Press: ? - help, Shift-Dir - straight line, f/p - troll
Aim: a troll (heavily wounded, 78% to hit)
You feel a surge of power!
The stone arrow hits the troll!
The troll is almost dead.
* * * LOW MAGIC WARNING * * *
You block the troll's attack. The troll claws you. The troll claws you!
Casting: Stone Arrow (safe; 1% risk of failure)
Confirm with . or Enter, or press ? or * to list all spells.
Aiming: Stone Arrow (safe; 1% risk of failure)
Press: ? - help, Shift-Dir - straight line, f/p - troll
Aim: a troll (almost dead, 78% to hit)
You feel a surge of power!
The stone arrow hits the troll!
You kill the troll!
Sif Muna accepts your kill.
The troll leather armour is intact enough to wear.
* * * LOW MAGIC WARNING * * *
A freezing wraith comes into view.
Your Fighting skill increases to level 1!
Aiming: Mindburst
Press: ? - help, Shift-Dir - straight line, f - freezing wraith
Aim: a freezing wraith (chance to affect: 47%)
Okay, then.
Aiming: Paralyse
Press: ? - help, Shift-Dir - straight line, f - freezing wraith
Aim: a freezing wraith (chance to affect: 31%)
The freezing wraith easily resists.
You block the freezing wraith's attack.
The freezing wraith hits you but does no damage.
A centaur warrior comes into view.
The centaur warrior shouts!
Aiming: Paralyse
Press: ? - help, Shift-Dir - straight line, f/p - freezing wraith
Aim: a freezing wraith (chance to affect: 31%)
The freezing wraith easily resists.
The freezing wraith hits you!
* * * LOW HITPOINT WARNING * * *
The freezing wraith freezes you!
* * * LOW HITPOINT WARNING * * *
The freezing wraith closely misses you.
As you read the scroll of teleportation, it crumbles to dust.
You feel strangely unstable.
You block the freezing wraith's attack. x2
Aiming: Mindburst
Press: ? - help, Shift-Dir - straight line, f/p - freezing wraith
Aim: a freezing wraith (chance to affect: 47%)
The freezing wraith resists with some effort.
The freezing wraith hits you!
* * * LOW HITPOINT WARNING * * *
The freezing wraith freezes you!!
You die...

, .......#....#....... , *
.......#....#....... , , ,
.......'....#.....#. ,
#############....#.....##
, *
......#.....#....#.....#.
,,
......#................#.
, ,
,.................##....#.
.............######....#.
##......@####.# .....##
..#######W..##.# *, * * .
* ###c.#..#.#* ,, * ,
#.[### .#.# ,, , **
#...##...#* *#. ,, *, ##.
Hy#.# ,, * * # .#.. * * ,
, *, **#...#,, ,,, , * * ,
*#,#.# ,


You could see a centaur warrior and a freezing wraith.

Vanquished Creatures
  A two-headed ogre (D:9)
  A death yak (D:10)
  An orc high priest (Bailey)
  An orc knight (Bailey)
  A manticore (D:11)
  Maggie (D:9)
  2 trolls
  A shadow (D:10)
  2 wyverns
  A wraith (D:9)
  13 yaks
  2 steam dragons
  A vampire mosquito (D:11)
  An acid dragon (D:10)
  A water moccasin (D:8)
  7 orc warriors
  2 black bears
  3 ice beasts
  6 ogres
  4 centaurs
  7 kobold brigands
  2 bullfrogs
  A necrophage (D:7)
  2 scorpions
  12 wights
  4 killer bees
  3 howler monkeys
  An electric eel (Bailey)
  A hound (D:7)
  A quasit (D:5)
  2 jellies (D:5)
  7 orc priests
  A gnoll bouda (D:8)
  3 iguanas (D:5)
  Jessica (D:3)
  4 orc wizards
  Natasha (D:2)
  Terence (D:3)
  16 gnolls
  5 river rats
  11 adders
  2 shadow imps (D:5)
  4 white imps (D:5)
  4 ufetubi
  4 worms
  35 orcs
  10 ball pythons
  6 endoplasms
  7 giant cockroaches
  12 goblins
  9 hobgoblins
  13 kobolds
  3 quokkas
  9 bats
  7 frilled lizards
  11 rats
274 creatures vanquished.

Vanquished Creatures (others)
  An orc wizard (D:7)
  A demonic plant (D:5)
2 creatures vanquished.

Grand Total: 276 creatures vanquished

Notes
Turn   | Place    | Note
-------+----------+-------------------------------------------
     0 | D:1      | sleeves the Meteoran Earth Elementalist began the quest for
                  | the Orb.
     0 | D:1      | Reached XP level 1. HP: 14/14 MP: 5/5
    26 | D:1      | Found Rouffimm's Jewellery Boutique.
    60 | D:1      | Reached skill level 4 in Earth Magic
    84 | D:1      | Reached XP level 2. HP: 20/20 MP: 4/6
   219 | D:1      | Reached XP level 3. HP: 26/26 MP: 6/8
   246 | D:1      | Reached skill level 5 in Earth Magic
   326 | D:2      | Found a faded altar of an unknown god.
   331 | D:2      | Got the Anthology of Gathered Toxins
   395 | D:3      | Reached XP level 4. HP: 33/33 MP: 7/9
   410 | D:3      | Found Eruibud's Distillery.
   416 | D:3      | Noticed a black bear
   424 | D:3      | HP: 12/33 [black bear (8)]
   425 | D:3      | Killed a black bear
   426 | D:3      | Reached skill level 6 in Earth Magic
   426 | D:3      | Reached XP level 5. HP: 14/38 MP: 4/10
   497 | D:2      | Learned a level 3 spell: Stone Arrow
   514 | D:2      | Reached skill level 7 in Earth Magic
   568 | D:2      | Noticed Natasha
   570 | D:2      | Killed Natasha
   571 | D:2      | Reached skill level 1 in Shields
   571 | D:2      | Reached XP level 6. HP: 45/45 MP: 9/11
   688 | D:3      | Found Meun's Assorted Antiques.
   692 | D:3      | Reached skill level 2 in Shields
   710 | D:3      | Found Peippey's Antique Weapon Emporium.
   716 | D:3      | Noticed Terence
   722 | D:3      | Killed Terence
   792 | D:3      | Found Lous's General Store.
   800 | D:3      | Found Unyitaa's Magic Scroll Emporium.
   803 | D:3      | Bought a scroll of blinking for 82 gold pieces
   824 | D:3      | Bought a scroll of teleportation for 30 gold pieces
   830 | D:3      | Noticed Jessica
   833 | D:3      | Killed Jessica
   834 | D:3      | Reached skill level 1 in Conjurations
   834 | D:3      | Reached XP level 7. HP: 50/50 MP: 10/12
   836 | D:3      | Reached skill level 3 in Shields
   859 | D:3      | Found a snail-covered altar of Cheibriados.
   875 | D:4      | Found Foxoacar's Book Shop.
   895 | D:3      | Bought a potion of curing for 33 gold pieces
  1022 | D:4      | Found a glowing drain.
  1055 | Sewer    | Entered a sewer
  1076 | Sewer    | Reached skill level 2 in Conjurations
  1094 | Sewer    | Reached skill level 8 in Earth Magic
  1134 | Sewer    | Reached skill level 4 in Shields
  1186 | Sewer    | Reached skill level 3 in Conjurations
  1186 | Sewer    | Reached XP level 8. HP: 57/57 MP: 8/13
  1375 | Sewer    | Reached skill level 4 in Conjurations
  1416 | Sewer    | Glimpsed the power of Zot.
  1430 | Sewer    | Reached skill level 5 in Shields
  1509 | D:4      | Found a glowing silver altar of Zin.
  1509 | D:4      | Found a burning altar of Makhleb.
  1510 | D:4      | Noticed a green death
  1510 | D:4      | Noticed an angel
  1548 | D:5      | Entered Level 5 of the Dungeon
  1549 | D:5      | Noticed a +0 spear
  1550 | D:5      | Noticed a +0 spear
  1550 | D:5      | Noticed a +0 dagger
  1639 | D:5      | Reached skill level 9 in Earth Magic
  1697 | D:6      | Reached skill level 5 in Conjurations
  1760 | D:4      | Gained mutation: You passively map the area around you.
                  | [Meteoran growth]
  1760 | D:4      | Reached XP level 9. HP: 62/62 MP: 12/14
  1768 | D:4      | Reached skill level 6 in Shields
  1868 | D:5      | Noticed a +0 falchion
  1868 | D:5      | Noticed a +0 falchion
  1875 | D:5      | Found a hide-covered altar of Uskayaw.
  1876 | D:5      | Noticed a +0 dagger
  1876 | D:5      | Noticed a +0 short sword
  1882 | D:5      | Noticed a +0 short sword
  1934 | D:5      | HP: 31/62 [iguana (11)]
  1936 | D:5      | Reached skill level 6 in Conjurations
  1997 | D:5      | Reached skill level 7 in Shields
  1997 | D:5      | Reached skill level 10 in Earth Magic
  2145 | D:7      | Found a flagged portal.
  2158 | D:7      | Learned a level 4 spell: Petrify
  2164 | Bailey   | Entered a bailey
  2199 | Bailey   | Reached skill level 3 in Spellcasting
  2199 | Bailey   | Reached skill level 7 in Conjurations
  2234 | Bailey   | Noticed an orc knight
  2249 | Bailey   | Killed an orc knight
  2249 | Bailey   | HP: 24/62 [orc warrior/+0 war axe (10)]
  2250 | Bailey   | Reached skill level 4 in Spellcasting
  2250 | Bailey   | Reached XP level 10. HP: 27/69 MP: 1/17
  2258 | Bailey   | HP: 35/103 [orc warrior/+0 war axe (8)]
  2264 | Bailey   | HP: 32/103 [orc warrior/+0 war axe (5)]
  2332 | Bailey   | Noticed an orc high priest
  2345 | Bailey   | HP: 31/69 [orc high priest/+0 broad axe (13)]
  2347 | Bailey   | Killed an orc high priest
  2348 | Bailey   | Reached skill level 5 in Spellcasting
  2348 | Bailey   | Reached skill level 8 in Conjurations
  2348 | Bailey   | Reached skill level 11 in Earth Magic
  2351 | Bailey   | HP: 27/69 [gnoll/+0 hand axe (7)]
  2354 | Bailey   | Found an iron altar of Okawaru.
  2359 | Bailey   | Noticed an orc high priest
  2364 | Bailey   | Noticed an orange demon
  2367 | Bailey   | HP: 31/69 [orange demon[an orc high priest] (10)]
  2368 | Bailey   | Noticed a sixfirhy
  2368 | Bailey   | Noticed a rust devil
  2373 | Bailey   | HP: 20/69 [sixfirhy[an orc high priest] (9)]
  2467 | D:7      | Reached skill level 6 in Spellcasting
  2670 | D:6      | Found a staircase to the Ecumenical Temple.
  2679 | Temple   | Entered the Ecumenical Temple
  2709 | Temple   | Became a worshipper of Sif Muna the Loreminder
  2862 | D:6      | Found an ancient bone altar of Kikubaaqudgha.
  2863 | D:6      | Found an ornate altar of the Wu Jian Council.
  2909 | D:6      | Reached skill level 9 in Conjurations
  3044 | D:7      | Found a bloodstained altar of Trog.
  3307 | D:6      | Found a radiant altar of Vehumet.
  3505 | D:8      | Reached skill level 12 in Earth Magic
  3525 | D:8      | Reached XP level 11. HP: 74/74 MP: 22/22
  3547 | D:8      | Reached skill level 7 in Spellcasting
  3603 | D:8      | Reached * piety under Sif Muna
  3772 | D:9      | Reached skill level 10 in Conjurations
  3786 | D:9      | Noticed a two-headed ogre
  3790 | D:9      | HP: 30/74 [centaur/arrow (8)]
  3798 | D:9      | HP: 24/74 [centaur/arrow (9)]
  3805 | D:9      | HP: 20/74 [centaur/arrow (6)]
  3809 | D:9      | HP: 8/74 [centaur/arrow (3)]
  3908 | D:10     | Entered Level 10 of the Dungeon
  3918 | D:10     | HP: 36/74 [orc warrior/bolt (12)]
  3921 | D:10     | Reached skill level 8 in Spellcasting
  4095 | D:9      | Reached skill level 13 in Earth Magic
  4176 | D:9      | Killed a two-headed ogre
  4177 | D:9      | Reached skill level 9 in Spellcasting
  4276 | D:9      | Noticed Maggie
  4280 | D:9      | HP: 19/74 [Maggie/bolt of fire (24)]
  4282 | D:9      | Killed Maggie
  4331 | D:9      | HP: 28/74 [orc priest/divine providence (13)]
  4342 | D:9      | Reached ** piety under Sif Muna
  4367 | D:9      | HP: 31/74 [orc priest/divine providence (15)]
  4433 | D:10     | Reached skill level 10 in Spellcasting
  4452 | D:10     | Reached skill level 14 in Earth Magic
  4457 | D:10     | Reached XP level 12. HP: 57/81 MP: 8/27
  4472 | D:10     | Identified the +0 buckler of the Wild Haggis {Dex+8}
  4524 | D:10     | Found a broken altar of Ashenzari.
  4606 | D:10     | Noticed a two-headed ogre
  4617 | D:10     | HP: 40/81 [acid dragon/splash of acid (27)]
  4631 | D:10     | HP: 29/81 [acid dragon/splash of acid (16)]
  4681 | D:9      | HP: 32/81 [orc warrior/bolt (15)]
  4787 | D:10     | Found Nonudiupn's Assorted Antiques.
  4830 | D:11     | Found a staircase to the Lair.
  4830 | D:11     | Noticed a death yak
  4830 | D:11     | Noticed a death yak
  4842 | D:10     | Killed a death yak
  4980 | D:11     | Found a staircase to the Orcish Mines.
  5001 | D:11     | Reached skill level 15 in Earth Magic
  5005 | D:11     | Reached skill level 1 in Invocations
  5008 | D:11     | Reached skill level 1 in Fighting
  5009 | D:11     | Noticed a centaur warrior
  5011 | D:11     | HP: 32/83 [freezing wraith (12)]
  5013 | D:11     | HP: 13/83 [freezing wraith (9)]
  5013 | D:11     | Mangled by a freezing wraith

Illustrated notes

Levels and vault maps discovered:
D:1:      dpeg_arrival_rooms_with_view, layout_basic, serial_shops,
          nicolae_lakefront_shop, nicolae_eternal_life, grunt_decor_arrowhead,
          minmay_misc_feat_hallway
D:2:      layout_rooms, basic_ecumenical_altar, uniq_natasha
D:3:      cheibrodos_helix_gallery, layout_rooms, tso_metal_star,
          cheibrodos_worm_habitat, serial_shops, nicolae_shop_statue_plus, shop,
          nicolae_diamond_shop, shop, nicolae_shop_crystal,
          minmay_misc_feat_alley, minmay_liquid_box, st_stairs_1, uniq_terence,
          uniq_jessica
D:4:      layout_basic, grunt_temple_overflow_order_and_chaos_2,
          portal_sewer_entry_a, nicolae_stop_n_shop_2
D:5:      layout_cave_pools, nicolae_uskayaw_en_pointe, serial_demonic,
          serial_demonic_b, serial_demonic_g, serial_demonic_d,
          serial_demonic_c, serial_demonic_d, serial_demonic_e
D:6:      layout_basic, vehumet_altar_wand_db, gammafunk_temple_overflow_pools,
          temple_statues
D:7:      layout_loops_ring, mainiacjoe_overflow_brackets, enter_bailey_5
D:8:      layout_loops_ring, nicolae_hepliaklqana_ecumenical_no_more
D:9:      layout_loops_ring, minmay_misc_feat_pillars,
          hangedman_minor_gate_pass, uniq_maggie
D:10:     layout_cave_pools, nicolae_overflow_hidden_temple, serial_shops, shop
D:11:     minmay_ornate_pinched, layout_grid_maze, dpeg_lair_monsters,
          pdpol_wu_jian_five_deadly_venoms, uniq_lodul
Temple:   nicolae_temple_ecumenical_triangle

Skill      XL: |  1  2  3  4  5  6  7  8  9 10 11 12 |
---------------+-------------------------------------+-----
Earth Magic    | 4 5 6 7 8 9 10 12 14 15 | 15.0
Shields        | 1 2 4 5 7 |  7.4
Conjurations   | 1 3 5 7 9 10 | 10.1
Spellcasting   | 4 6 10 | 10.1
Invocations    | 1 |  1.4
Fighting       | 1 |  1.1
Dodging        | |  2.4
Stealth        | |  1.4
Transmutations | |  1.2

Action                   |  1- 3 |  4- 6 |  7- 9 | 10-12 || total
-------------------------+-------+-------+-------+-------++-------
Melee: Unarmed           |     1 |       |       |       ||     1
       Dagger            |     1 |       |    15 |    17 ||    33
       Short sword       |       |       |       |     2 ||     2
 Cast: Sandblast         |    33 |    45 |   162 |   172 ||   412
       Stone Arrow       |       |       |     4 |    66 ||    70
       Petrify           |       |       |       |     1 ||     1
Evoke: Wand              |       |       |     1 |     3 ||     4
       Condenser vane    |       |       |       |     1 ||     1
  Use: Scroll            |       |       |       |     2 ||     2
       Potion            |       |       |       |     1 ||     1
Armor: Robe              |     3 |     8 |    11 |       ||    22
       Leather armour    |       |       |       |    43 ||    43
       Skin              |       |       |       |     4 ||     4
Dodge: Dodged            |     7 |    13 |    20 |    73 ||   113
Block: Buckler           |       |       |    16 |    74 ||    90

Table legend: (Time is in decaauts)
 A = Elapsed time spent in this place.
 B = Non-inter-level travel time spent in this place.
 C = Inter-level travel time spent in this place.
 D = Time resting spent in this place.
 E = Time spent auto-exploring this place.
 F = Levels seen in this place.
 G = Mean time per level.
                   A        B        C        D        E       F      G
               +--------+--------+--------+--------+--------+-----+--------+
         Total |   5341 |   4892 |    449 |      3 |     62 |  14 |  381.5 |
       Dungeon |   4533 |   4096 |    437 |      3 |     62 |  11 |  412.1 |
        Temple |     43 |     31 |     12 |      0 |      0 |   1 |   43.0 |
         Sewer |    545 |    545 |      0 |      0 |      0 |   1 |  545.0 |
        Bailey |    219 |    219 |      0 |      0 |      0 |   1 |  219.0 |
               +--------+--------+--------+--------+--------+-----+--------+

Top non-repeatable levels by time:
     D:9: 629 daAuts
     D:6: 557 daAuts
   Sewer: 545 daAuts
     D:7: 526 daAuts
    D:10: 508 daAuts
     D:4: 448 daAuts
     D:8: 442 daAuts
     D:5: 372 daAuts
     D:1: 333 daAuts
     D:3: 309 daAuts
     D:2: 304 daAuts
  Bailey: 219 daAuts
    D:11: 100 daAuts
  Temple: 43 daAuts
